 Dungeon Crawl Stone Soup version 0.28-a0-1114-g8eb0198dcf (webtiles) character file.

Game seed: 6746855148697797340

102 ChaosChampion the Insei (level 4, -4/28 HPs)
             Began as an Octopode Transmuter on Dec 11, 2021.
             Shot with an arrow by a centaur (6 damage)
             ... on level 5 of the Dungeon.
             The game lasted 00:05:14 (1825 turns).

ChaosChampion the Insei (Octopode Transmuter)       Turns: 1825, Time: 00:05:15

Health: -4/28      AC:  1    Str:  9    XL:     4   Next: 78%
Magic:  4/7        EV: 13    Int: 17    God:
Gold:   80         SH:  0    Dex: 12    Spells: 1/7 levels left

rFire   . . .      SeeInvis .     - Unarmed
rCold   . . .      Faith    .   (no shield)
rNeg    . . .      Spirit   .   (helmet restricted)
rPois   .          Reflect  .   (no amulet)
rElec   .          Harm     .   (no ring)
rCorr   .          Rampage  .   (no ring)
Will    .....                   (no ring)
Stlth   ++........              (no ring)
HPRegen 0.09/turn               (no ring)
MPRegen 0.10/turn               (no ring)
                                (no ring)
                                (no ring)

@: no status effects
A: almost no armour, amphibious, 8 rings, camouflage 1, gelatinous body 1,
(nimble swimmer 1), tentacles
a: no special abilities


You were on level 5 of the Dungeon.
You visited 1 branch of the dungeon, and saw 5 of its levels.

You collected 80 gold pieces.

Inventory:

Magical Staves
 e - a staff of conjuration
Jewellery
 l - an amulet of the acrobat
Scrolls
 b - 2 scrolls of magic mapping {unknown}
 c - 2 scrolls of holy word {unknown}
 g - a scroll of enchant weapon {unknown}
 h - 2 scrolls of teleportation {unknown}
 i - a scroll of identify {unknown}
 j - a scroll of acquirement {unknown}
 k - a scroll of summoning {unknown}
 m - a scroll of enchant armour {unknown}
Potions
 a - 2 potions of might {unknown}
 d - 2 potions of curing {unknown}
 f - a potion of mutation {unknown}


   Skills:
 - Level 1.0 Fighting
 - Level 2.0 Dodging
 * Level 5.3 Unarmed Combat
 - Level 2.0 Spellcasting
 - Level 2.0 Transmutations


You had one spell level left.
You knew the following spells:

 Your Spells              Type           Power      Damage    Failure   Level
a - Beastly Appendage     Tmut           16%        N/A       9%          1
b - Wereblood             Tmut           8%         N/A       13%         2
c - Spider Form           Tmut/Pois      5%         N/A       36%         3

Your spell library contained the following spells:

 Spells                   Type           Power      Damage    Failure   Level
 Ice Form                 Ice/Tmut       5%         N/A       77%         4


Dungeon Overview and Level Annotations

Branches:
Dungeon (4/15)
 Temple: D:4-7

Altars:
Yredelemnul


Innate Abilities, Weirdness & Mutations

You cannot wear most types of armour.
You are amphibious.
You can wear up to eight rings at the same time.
Your skin changes colour to match your surroundings (Stealth+).
Your rubbery body absorbs attacks. (AC +1, EV +1)
((You are camouflaged near water. (Stealth+)))
You have tentacles for arms and can constrict up to eight enemies at once.


Message History

You barely miss the adder. The adder completely misses you.
The kobold completely misses you.
You hit the adder.
The adder is poisoned.
The adder is lightly wounded.
The adder bites you. The kobold completely misses you.
You hit the adder.
The adder is severely wounded.
Your transformation is almost over.
The adder completely misses you. The kobold misses you. The adder misses you.
You bite the adder!
You feel a bit better.
You kill the adder!
The kobold closely misses you.
You hit the kobold but do no damage.
The kobold is poisoned.
The kobold is severely wounded.
The kobold barely misses you.
You hit the kobold.
You feel a bit better.
You kill the kobold!
No target in view!
b - 2 scrolls labelled ZUASIGHUAME (gained 1)
You hiss as the wereblood boils in your veins!
Your transformation has ended.
Your primal bloodlust is almost over.
You howl as the wereblood boils in your veins!
Things that are here:
a +0 short sword; 8 poisoned darts You howl as the wereblood boils in your veins!
You howl as the wereblood boils in your veins!
Your primal bloodlust has ended.
A sudden malevolence fills the Dungeon...
You fall into a shaft and drop 1 floor!
The shaft crumbles and collapses.
A centaur comes into view.
Found a scroll labelled KEXKEUFRAO and 6 gold pieces.
Found a stone staircase leading up.
The centaur wields a +0 shortbow.
The centaur shoots an arrow.
The arrow hits you!
Ouch! That really hurt!
The centaur shoots an arrow.
The arrow hits you!
* * * LOW HITPOINT WARNING * * *
The centaur shoots an arrow.
The arrow hits you.
You die...

## #<# #.#
#.#
########.#
#........#
#...$....#
#....?...#
#.......@#
#..........#
#........#.#
#........c.#
######.#####
#.# #.# #.#


You could see a centaur.

Vanquished Creatures
  Robin (D:2)
  A gnoll (D:1)
  2 adders
  4 ball pythons
  5 bats
  6 endoplasms
  A giant cockroach (D:1)
  12 goblins
  8 hobgoblins
  4 jackals (D:1)
  3 quokkas (D:1)
  5 kobolds
  3 rats
55 creatures vanquished.

Vanquished Creatures (others)
  3 withered plants (D:1)
3 creatures vanquished.

Grand Total: 58 creatures vanquished

Notes
Turn   | Place    | Note
-------+----------+-------------------------------------------
     0 | D:1      | ChaosChampion the Octopode Transmuter began the quest for
                  | the Orb.
     0 | D:1      | Reached XP level 1. HP: 13/13 MP: 3/3
    24 | D:1      | Reached XP level 2. HP: 10/18 MP: 5/5
   166 | D:1      | Learned a level 2 spell: Wereblood
   314 | D:1      | Reached skill level 4 in Unarmed Combat
   317 | D:1      | Reached XP level 3. HP: 17/23 MP: 4/6
   395 | D:1      | Found a faded altar of an unknown god.
   835 | D:2      | Noticed Robin
   849 | D:2      | Killed Robin
   850 | D:2      | Reached XP level 4. HP: 28/28 MP: 4/7
   884 | D:2      | Reached skill level 5 in Unarmed Combat
  1087 | D:2      | Learned a level 3 spell: Spider Form
  1439 | D:2      | Found a basalt altar of Yredelemnul.
  1685 | D:3      | Noticed a gnoll sergeant
  1822 | D:4      | You fall into a shaft and drop 1 floor!
  1822 | D:5      | Entered Level 5 of the Dungeon
  1822 | D:5      | Noticed a centaur
  1825 | D:5      | Shot with an arrow by a centaur

Illustrated notes

Levels and vault maps discovered:
D:1:      dpeg_arrival_rooms_with_view, layout_rooms,
          shapermc_ecumenical_altar_gd, st_stairs_10, corexii_corridor_pit,
          minmay_misc_feat_four_crosses
D:2:      layout_rooms, basic_altar, serial_glass, glass_columns_c,
          glass_columns_a, glass_columns_b, glass_columns_a, glass_columns_a,
          glass_columns_c, minmay_nonomino_d4, uniq_robin
D:3:      layout_basic
D:4:      layout_cave_pods, uniq_blork_the_orc
D:5:      layout_basic, serial_shops, nicolae_shop_hallway_plus

Skill      XL: |  1  2  3  4 |
---------------+-------------+-----
Unarmed Combat | 4 5 |  5.3
Fighting       | |  1.0
Dodging        | |  2.0
Spellcasting   | |  2.0
Transmutations | |  2.0

Action                   |  1- 3 |  4- 6 || total
-------------------------+-------+-------++-------
Melee: Unarmed           |    86 |    34 ||   120
       Constrict         |    25 |     5 ||    30
       Kick              |    17 |     3 ||    20
       Punch             |     3 |       ||     3
       Tentacles         |    14 |     4 ||    18
 Cast: Beastly Appendage |    10 |    10 ||    20
       Wereblood         |     5 |     7 ||    12
       Spider Form       |       |     2 ||     2
 Stab: Sleeping          |       |     3 ||     3
Armor: Skin              |     5 |     4 ||     9
Dodge: Dodged            |    46 |    34 ||    80

Table legend: (Time is in decaauts)
 A = Elapsed time spent in this place.
 B = Non-inter-level travel time spent in this place.
 C = Inter-level travel time spent in this place.
 D = Time resting spent in this place.
 E = Time spent auto-exploring this place.
 F = Levels seen in this place.
 G = Mean time per level.
                   A        B        C        D        E       F      G
               +--------+--------+--------+--------+--------+-----+--------+
         Total |   1814 |   1795 |     19 |    176 |    935 |   5 |  362.8 |
       Dungeon |   1814 |   1795 |     19 |    176 |    935 |   5 |  362.8 |
               +--------+--------+--------+--------+--------+-----+--------+

Top non-repeatable levels by time:
     D:1: 770 daAuts
     D:2: 746 daAuts
     D:3: 264 daAuts
     D:4: 31 daAuts
     D:5: 2 daAuts
